 Dungeon Crawl Stone Soup version 0.21-a0-352-g5b8f553 (webtiles) character file.

553 Hasart the Chopper (level 7, -7/57 HPs)
             Began as a Formicid Fighter on Oct 11, 2017.
             Was a Follower of Dithmenos.
             Mangled by an orc warrior
             ... wielding a +0 war axe
              (11 damage)
             ... on level 6 of the Dungeon.
             The game lasted 00:09:01 (4206 turns).

Hasart the Chopper (Formicid Fighter)               Turns: 4206, Time: 00:09:01

Health: -7/57      AC:  9    Str: 23    XL:     7   Next: 55%
Magic:  7/7        EV:  7    Int:  7    God:    Dithmenos [*.....]
Gold:   203        SH:  9    Dex: 10    Spells: 6/6 levels left

rFire    . . .     SeeInvis +   a - +0 war axe
rCold    . . .     Gourm    .   c - +0 shield
rNeg     . . .     Faith    .   b - +0 scale mail
rPois    .         Spirit   .   (helmet unavailable)
rElec    .         Reflect  .   A - +2 cloak
rCorr    .         Harm     .   (no gloves)
MR       .....                  (no boots)
Stlth    ..........             (no amulet)
HPRegen  0.19/turn              s - ring of loudness (curse)
MPRegen  0.10/turn              (no ring)

@: wreathed by umbra, drained
A: permanent stasis, dig shafts and tunnels, four strong arms, antennae 3
a: Dig, Shaft Self, Renounce Religion


You were on level 6 of the Dungeon.
You worshipped Dithmenos.
Dithmenos was aware of your devotion.
You were not hungry.

You visited 1 branch of the dungeon, and saw 5 of its levels.

You collected 203 gold pieces.

Inventory:

Hand Weapons
 a - a +0 war axe (weapon)
Armour
 b - a +0 scale mail (worn)
 c - a +0 shield (worn)
 A - a +2 cloak (worn)
Jewellery
 s - a cursed ring of loudness (left hand)
Wands
 l - a wand of polymorph (16/24)
 w - a wand of lightning (5/15)
Scrolls
 e - 4 scrolls of remove curse {unknown}
 h - a scroll of teleportation {unknown}
 j - 6 scrolls of identify {unknown}
 k - 2 scrolls of immolation {unknown}
 q - a scroll of blinking {unknown}
 u - a scroll of fog {unknown}
 v - a scroll of enchant armour {unknown}
 y - a scroll of fear {unknown}
 B - a scroll of recharging {unknown}
Potions
 d - 3 potions of might
 g - a potion of cancellation {unknown}
 i - 3 potions of flight {unknown}
 m - 2 potions of haste {unknown}
 n - 4 potions of curing
 r - a potion of degeneration {unknown}
 t - a potion of agility {unknown}
 z - a potion of mutation {unknown}
Books
 C - a book of Conjurations

   Spells                             Type                      Level
   a - Magic Dart                     Conjuration                  1
   b - Searing Ray                    Conjuration                  2
   c - Dazzling Spray                 Conjuration/Hexes            3
   d - Fulminant Prism                Conjuration/Hexes            4
   e - Force Lance                    Conjuration/Translocation    4
   f - Iskenderun's Mystic Blast      Conjuration                  4
Comestibles
 f - 5 bread rations
 o - 2 meat rations
 x - 2 royal jellies


   Skills:
 + Level 5.7(5.3) Fighting
 * Level 6.4(6.0) Axes
 - Level 3.2(2.9) Armour
 - Level 3.6(3.2) Shields


You had 6 spell levels left.
You didn't know any spells.

Dungeon Overview and Level Annotations

Branches:
Dungeon (4/15)
 Temple: D:4-7

Altars:
Ashenzari
Dithmenos
Sif Muna
Vehumet
Wu Jian


Innate Abilities, Weirdness & Mutations

You cannot be hasted, slowed, berserked, paralysed or teleported.
You can dig through walls and to a lower floor.
Your four strong arms can wield two-handed weapons with a shield.
You have a pair of large antennae on your head. (SInv)


Message History

Unknown command.
You are too injured to fight recklessly!
You hit the orc warrior but do no damage.
The orc warrior is severely wounded.
You hit the orc.
You kill the orc!
Dithmenos accepts your kill.
You closely miss the ogre. The ogre hits you with a giant club!
* * * LOW HITPOINT WARNING * * *
The orc warrior hits you but does no damage.
You hit the orc warrior.
The orc warrior is almost dead.
You hit the ogre. The ogre barely misses you.
The orc warrior hits you but does no damage.
Unknown command.
You hit the orc warrior but do no damage.
The orc warrior is almost dead.
You hit the ogre.
The orc warrior hits you with a war axe!
You die...

#+##
##...##
##..>..##
##.......##
#...[.....#
+.o@).....+
#..)O.....#
##.......##
##.....##
##...##
#+##


You could see an orc warrior and an ogre.

Vanquished Creatures
  An ogre (D:4)
  A howler monkey (D:4)
  An orc priest (D:4)
  A bullfrog skeleton (D:4)
  Crazy Yiuf (D:4)
  2 hounds
  Jessica (D:2)
  2 worker ants (D:4)
  4 gnolls (D:4)
  5 adders
  An ooze (D:1)
  5 dart slugs
  5 leopard geckos
  11 orcs
  2 ball pythons (D:2)
  3 giant cockroaches
  9 goblins
  12 hobgoblins
  6 kobolds (D:1)
  6 quokkas
  9 bats
  5 frilled lizards
  A leopard gecko skeleton (D:4)
  4 rats
98 creatures vanquished.

Notes
Turn   | Place    | Note
-------+----------+-------------------------------------------
     0 | D:1      | Hasart the Formicid Fighter began the quest for the Orb.
     0 | D:1      | Reached XP level 1. HP: 18/18 MP: 1/1
    77 | D:1      | Reached XP level 2. HP: 24/24 MP: 2/2
   328 | D:1      | Reached XP level 3. HP: 28/30 MP: 3/3
   345 | D:1      | Reached skill level 3 in Axes
   851 | D:1      | Reached XP level 4. HP: 37/37 MP: 4/4
  1299 | D:2      | HP: 1/37 [poisoned by an adder]
  1874 | D:2      | Noticed Jessica
  1880 | D:2      | Killed Jessica
  1880 | D:2      | Reached skill level 4 in Axes
  1880 | D:2      | Reached XP level 5. HP: 43/43 MP: 5/5
  2055 | D:2      | Found a deep blue altar of Sif Muna.
  2299 | D:3      | Found a shattered altar of Ashenzari.
  2532 | D:3      | Found a radiant altar of Vehumet.
  2725 | D:3      | Found a faded altar of an unknown god.
  2925 | D:3      | Became a worshipper of Dithmenos the Shadowed
  2925 | D:3      | Reached * piety under Dithmenos
  3136 | D:4      | Reached XP level 6. HP: 47/49 MP: 6/6
  3138 | D:4      | Reached skill level 5 in Axes
  3162 | D:4      | Noticed an ogre
  3171 | D:4      | Killed an ogre
  3171 | D:4      | Reached skill level 5 in Fighting
  3326 | D:4      | Found a shadowy altar of Dithmenos.
  3360 | D:4      | Reached XP level 7. HP: 52/56 MP: 7/7
  3374 | D:4      | Reached skill level 6 in Axes
  3816 | D:4      | Found a runed door.
  3820 | D:4      | Noticed Crazy Yiuf
  3833 | D:4      | Killed Crazy Yiuf
  4187 | D:4      | Found an ornate altar of the Wu Jian Council.
  4197 | D:4      | You fall through a shaft for 2 floors!
  4206 | D:6      | Mangled by an orc warrior

Vault maps used:
D:1:      ncdulo_watergridlock, chequers_big_river
D:2:      minmay_wonky_spiral, lemuel_blue_sif_altar, uniq_jessica
D:3:      ashenzari_conservatory_becter, overflow_temple_1_default,
          chequers_ecumenical_altar_grove
D:4:      lemuel_coloured_pillars_altar, old_standard_altar, first_bread,
          uniq_crazy_yiuf_cottage
D:6:      xom_redecorated

Skill      XL: |  1  2  3  4  5  6  7 |
---------------+----------------------+-----
Axes           | 3 4 5 6 |  6.4
Fighting       | 4 5 |  5.7
Armour         | |  3.2
Shields        | |  3.6

Action                   |  1- 3 |  4- 6 |  7- 9 || total
-------------------------+-------+-------+-------++-------
Melee: War axe           |   102 |   165 |    58 ||   325
  Eat: Chunk             |       |     8 |     3 ||    11
Armor: Scale mail        |    38 |    84 |    24 ||   146
Dodge: Dodged            |    28 |    65 |    29 ||   122
Block: Shield            |    55 |    98 |    52 ||   205

Table legend:
 A = Spawn XP
 B = Non-spawn XP
 C = Spawn XP percentage of total XP
 D = Spawn monster count
 E = Non-spawn monster count
 F = Spawn count percentage of total count
 G = Total turns spent on level
                    A         B        C        D         E        F      G
               +---------+---------+-------+---------+---------+-------+---------
         Total |       0 |     790 |   0.0 |       0 |      98 |   0.0 |  4206
               +---------+---------+-------+---------+---------+-------+---------
           D:1 |       0 |      69 |   0.0 |       0 |      31 |   0.0 |   962
           D:2 |       0 |      99 |   0.0 |       0 |      20 |   0.0 |  1198
           D:3 |       0 |      84 |   0.0 |       0 |      17 |   0.0 |   877
           D:4 |       0 |     527 |   0.0 |       0 |      26 |   0.0 |  1160
           D:6 |       0 |      11 |   0.0 |       0 |       4 |   0.0 |     9
               +---------+---------+-------+---------+---------+-------+---------
